 Dungeon Crawl Stone Soup version 0.27-a0-1317-gd1140b374c (webtiles) character file.

Game seed: 4469270758633944430

177 27snakeeyes612 the Shield-Bearer (level 5, 0/33 HPs)
             Began as a Gargoyle Fighter on June 21, 2021.
             Slain by an iguana (6 damage)
             ... on level 4 of the Dungeon.
             The game lasted 00:01:55 (3141 turns).

27snakeeyes612 the Shield-Bearer (Gargoyle Fighter) Turns: 3141, Time: 00:01:55

Health: 0/33       AC: 12    Str: 20    XL:     5   Next: 57%
Magic:  5/5        EV:  7    Int:  9    God:
Gold:   100        SH:  9    Dex:  9    Spells: 4/4 levels left

rFire    . . .     SeeInvis .   a - +0 war axe
rCold    . . .     Faith    .   c - +0 kite shield
rNeg     + . .     Spirit   .   b - +0 scale mail
rPois    ∞         Reflect  .   (no helmet)
rElec    +         Harm     .   (no cloak)
rCorr    .         Rampage  .   (no gloves)
Will     .....                  s - +0 pair of boots
Stlth    ..........             (no amulet)
HPRegen  0.11/turn              (no ring)
MPRegen  0.09/turn              (no ring)

@: no status effects
A: sickness immunity, AC +4, negative energy resistance 1, electricity
resistance, torment resistance 1, petrification resistance
a: no special abilities


You were on level 4 of the Dungeon.
You visited 1 branch of the dungeon, and saw 4 of its levels.

You collected 100 gold pieces.

Inventory:

Hand Weapons
 a - a +0 war axe (weapon)
Armour
 b - a +0 scale mail (worn)
 c - a +0 kite shield (worn)
 s - a +0 pair of boots (worn)
Jewellery
 f - a +6 ring of strength
 u - a ring of willpower
Wands
 q - a wand of digging (4)
Scrolls
 h - a scroll of amnesia {unknown}
 k - a scroll of fear {unknown}
 l - a scroll of brand weapon {unknown}
 r - 2 scrolls of vulnerability {unknown}
 v - a scroll of noise {unknown}
Potions
 d - 2 potions of might
 e - a potion of berserk rage {unknown}
 g - a potion of mutation {unknown}
 i - 2 potions of degeneration {unknown}
 j - a potion of haste {unknown}
 m - 2 potions of lignification {unknown}
 n - a potion of brilliance {unknown}
 o - a potion of flight {unknown}
 p - a potion of heal wounds {unknown}
 t - a potion of curing {unknown}


   Skills:
 + Level 4.0 Fighting
 + Level 3.2 Axes
 + Level 4.1 Armour
 - Level 0.5 Dodging
 - Level 0.1 Stealth
 + Level 4.4 Shields


You had 4 spell levels left.
You didn't know any spells.
Your spell library was empty.

Dungeon Overview and Level Annotations

Branches:
Dungeon (4/15)
 Temple: D:4-7

Altars:
Ashenzari


Innate Abilities, Weirdness & Mutations

You are immune to sickness and miasma.
Your stone body is resilient. (AC +4)
You are immune to poison.
You resist negative energy. (rN+)
You are resistant to electric shocks. (rElec)
You are resistant to unholy torment.
You are immune to petrification.


Message History

No target in view!
Items here: )) ††.
Things that are here:
a +0 club; a goblin corpse No target in view!
There is an open door here.
Things that are here:
a +0 short sword; a +0 animal skin; a +0 helmet
Found a ring mail.
d - 2 potions of might (gained 1)
You now have 100 gold pieces (gained 6).
An iguana comes into view.
The iguana hisses angrily.
An iguana is nearby!
The iguana bites you.
You hit the iguana.
The iguana is moderately wounded.
The iguana barely misses you.
You closely miss the iguana.
The iguana is moderately wounded.
You block the iguana's attack. The iguana bites you!
You completely miss the iguana.
The iguana is moderately wounded.
The iguana bites you.
You are too injured to fight recklessly!
You are too injured to fight recklessly!
You are too injured to fight recklessly!
An iguana is nearby!
An iguana is nearby!
An iguana is nearby!
You are too injured to fight recklessly!
You hit the iguana but do no damage.
The iguana is moderately wounded.
The iguana bites you. You block the iguana's attack.
You hit the iguana.
The iguana is heavily wounded.
The iguana bites you.
* * * LOW HITPOINT WARNING * * *
The iguana bites you.
You die...

#...#######.###.#
................####
##.########.##.....#
##........#.##.....#
##.######.#.##.....#
##.# #.##.....#
##.### #.##.....#
.....# #.##.....#
.....# #.##..@..#
.....# #..l.......
.....# .............
.....#
#.............
.....#
##............
[....# +............
.....# #...#########
#...


You could see an iguana.

Vanquished Creatures
  An iguana (D:4)
  Jessica (D:3)
  Robin (D:4)
  2 adders (D:3)
  2 adder skeletons (D:4)
  3 worms
  2 dart slugs
  2 ball pythons (D:1)
  7 bats
  6 endoplasms
  3 giant cockroaches
  7 goblins
  5 hobgoblins
  5 jackals
  5 quokkas
  7 frilled lizards
  5 kobolds
  9 rats
73 creatures vanquished.

Notes
Turn   | Place    | Note
-------+----------+-------------------------------------------
     0 | D:1      | 27snakeeyes612 the Gargoyle Fighter began the quest for the
                  | Orb.
     0 | D:1      | Reached XP level 1. HP: 14/14 MP: 1/1
    45 | D:1      | Reached XP level 2. HP: 16/19 MP: 2/2
   504 | D:1      | You fall into a shaft and drop 1 floor!
   792 | D:2      | Reached XP level 3. HP: 19/23 MP: 3/3
  1808 | D:2      | Reached XP level 4. HP: 27/28 MP: 4/4
  2162 | D:3      | Noticed Jessica
  2177 | D:3      | Killed Jessica
  2290 | D:3      | Found a broken altar of Ashenzari.
  2427 | D:3      | Found a faded altar of an unknown god.
  2586 | D:3      | Reached XP level 5. HP: 27/33 MP: 5/5
  3045 | D:4      | Noticed Robin
  3053 | D:4      | Killed Robin
  3141 | D:4      | Slain by an iguana

Illustrated notes

Levels and vault maps discovered:
D:1:      psy_arrival_conway, layout_basic
D:2:      layout_loops_ring, minmay_nonomino_d4
D:3:      layout_loops_ring, evilmike_ruin_ashenzari,
          chequers_ecumenical_altar_island, uniq_jessica
D:4:      layout_basic, minmay_manual_moon, uniq_robin

Skill      XL: |  1  2  3  4  5 |
---------------+----------------+-----
Axes           | 2 3 |  3.2
Shields        | 4 |  4.4
Armour         | 4 |  4.1
Fighting       | 4 |  4.0
Dodging        | |  0.5
Stealth        | |  0.1

Action                   |  1- 3 |  4- 6 || total
-------------------------+-------+-------++-------
Melee: War axe           |   131 |   101 ||   232
Armor: Scale mail        |   101 |    47 ||   148
Dodge: Dodged            |    59 |    32 ||    91
Block: Kite shield       |    88 |    57 ||   145

Table legend: (Time is in decaauts)
 A = Elapsed time spent in this place.
 B = Non-inter-level travel time spent in this place.
 C = Inter-level travel time spent in this place.
 D = Time resting spent in this place.
 E = Time spent auto-exploring this place.
 F = Levels seen in this place.
 G = Mean time per level.
                   A        B        C        D        E       F      G
               +--------+--------+--------+--------+--------+-----+--------+
         Total |   3289 |   3145 |    144 |      0 |   2561 |   4 |  822.2 |
       Dungeon |   3289 |   3145 |    144 |      0 |   2561 |   4 |  822.2 |
               +--------+--------+--------+--------+--------+-----+--------+

Top non-repeatable levels by time:
     D:2: 1061 daAuts
     D:1: 1060 daAuts
     D:3: 777 daAuts
     D:4: 390 daAuts
